[Event "94th FRA-ch Open C 2019"]
[Site "Chartres"]
[Date "2019.08.24"]
[Round "8.3"]
[White "Cregut, Marian"]
[Black "Pham, Virgile"]
[Result "1-0"]
[ECO "C63"]
[WhiteElo "1717"]
[BlackElo "1622"]
[Annotator "NA"]
[PlyCount "29"]
[EventDate "2019.08.17"]
[EventType "swiss"]
[EventCountry "FRA"]
[SourceTitle "playchess.com"]
[Source "ChessBase"]
[SourceQuality "1"]
[TimeControl "40/5400+30:1800+30"]

1. e4 e5 2. Nf3 f5 3. exf5 Nc6 4. Bb5 d6 5. O-O Nf6 6. d4 e4 7. d5 Bd7 8. Re1 Be7 9. Ng5 Nb4 10. Ne6 Qc8 11. Bxd7+ Qxd7 12. Nc3 g6 13. a3 Na6 14. Nxe4 gxf5 15. Nxf6+ 1-0

[Event "94th FRA-ch Open C 2019"]
[Site "Chartres"]
[Date "2019.08.24"]
[Round "8.4"]
[White "Shefay, Paul"]
[Black "Guliyev, Tofig"]
[Result "0-1"]
[ECO "A25"]
[WhiteElo "1680"]
[BlackElo "1615"]
[Annotator "NA"]
[PlyCount "57"]
[EventDate "2019.08.17"]
[EventType "swiss"]
[EventCountry "FRA"]
[SourceTitle "playchess.com"]
[Source "ChessBase"]
[SourceQuality "1"]
[TimeControl "40/5400+30:1800+30"]

1. c4 e5 2. Nc3 Nf6 3. g3 Bc5 4. e3 O-O 5. Bg2 Nc6 6. Nge2 d6 7. Na4 Bb4 8. a3 Ba5 9. b4 Bb6 10. Nxb6 axb6 11. Bb2 Bf5 12. d4 exd4 13. Nxd4 Nxd4 14. Qxd4 Qc8 15. h4 Rd8 16. Qc3 c6 17. h5 h6 18. Bf3 Bg4 19. Bxg4 Qxg4 20. Rh4 Qe6 21. O-O-O Rac8 22. Kb1 Qf5+ 23. e4 Qxf2 24. Rf4 Qe2 25. Rdf1 Qxh5 26. Rxf6 gxf6 27. Qxf6 Kf8 28. g4 Qg6 29. Qxg6 0-1

[Event "94th FRA-ch Open C 2019"]
[Site "Chartres"]
[Date "2019.08.24"]
[Round "8.5"]
[White "Brun, Pierre"]
[Black "Bustos-Salinas, Thomas"]
[Result "1-0"]
[ECO "B24"]
[WhiteElo "1648"]
[BlackElo "1574"]
[Annotator "NA"]
[PlyCount "77"]
[EventDate "2019.08.17"]
[EventType "swiss"]
[EventCountry "FRA"]
[SourceTitle "playchess.com"]
[Source "ChessBase"]
[SourceQuality "1"]
[TimeControl "40/5400+30:1800+30"]

1. e4 c5 2. Nc3 Nc6 3. g3 g6 4. Bg2 Bg7 5. Nge2 e6 6. d3 Nge7 7. O-O O-O 8. f4 d5 9. e5 Nf5 10. g4 Nfd4 11. Nxd4 Nxd4 12. Nb1 Bd7 13. c3 Nc6 14. g5 Ne7 15. Nd2 Nf5 16. Nf3 Bc6 17. d4 Bb5 18. Rf2 b6 19. Bh3 Rc8 20. Bxf5 exf5 21. h4 Qd7 22. h5 Qe6 23. Rh2 a5 24. Qe1 Bd3 25. hxg6 Qxg6 26. Nh4 Qe6 27. Qg3 Be4 28. Be3 cxd4 29. Bxd4 b5 30. Qh3 Rc6 31. Re1 Rb8 32. Rxe4 dxe4 33. Nxf5 h5 34. gxh6 Bxh6 35. Nxh6+ Qxh6 36. Qxh6 Rxh6 37. Rxh6 b4 38. e6 f6 39. Bxf6 1-0

[Event "94th FRA-ch Open C 2019"]
[Site "Chartres"]
[Date "2019.08.24"]
[Round "8.6"]
[White "Silvera, Ruben"]
[Black "Bernard, Thomas"]
[Result "1-0"]
[ECO "A01"]
[WhiteElo "1747"]
[BlackElo "1689"]
[Annotator "NA"]
[PlyCount "53"]
[EventDate "2019.08.17"]
[EventType "swiss"]
[EventCountry "FRA"]
[SourceTitle "playchess.com"]
[Source "ChessBase"]
[SourceQuality "1"]
[TimeControl "40/5400+30:1800+30"]

1. b3 e5 2. Bb2 Nc6 3. e3 Nf6 4. Bb5 Bd6 5. Na3 Na5 6. Be2 c6 7. c4 Qe7 8. Nc2 b6 9. Nf3 Bc7 10. b4 Nb7 11. d3 d5 12. Nd2 Bf5 13. cxd5 cxd5 14. e4 dxe4 15. dxe4 Nxe4 16. Bb5+ Kf8 17. Qf3 Ned6 18. Ne3 e4 19. Bxg7+ Kxg7 20. Nxf5+ Kf8 21. Qc3 Qg5 22. Qxh8+ Qg8 23. Qxg8+ Kxg8 24. Nxd6 Rd8 25. Nxb7 Rxd2 26. Kxd2 Bd8 27. Nxd8 1-0

[Event "94th FRA-ch Open C 2019"]
[Site "Chartres"]
[Date "2019.08.25"]
[Round "9.1"]
[White "Leclerc, Alain"]
[Black "Cregut, Marian"]
[Result "1/2-1/2"]
[ECO "B23"]
[WhiteElo "1787"]
[BlackElo "1717"]
[Annotator "NA"]
[PlyCount "138"]
[EventDate "2019.08.17"]
[EventType "swiss"]
[EventCountry "FRA"]
[SourceTitle "playchess.com"]
[Source "ChessBase"]
[SourceQuality "1"]
[TimeControl "40/5400+30:1800+30"]

1. e4 c5 2. Nc3 a6 3. g3 b5 4. Bg2 Bb7 5. d3 d6 6. Be3 g6 7. Qd2 Bg7 8. Nge2 Nf6 9. h3 b4 10. Nd1 Nbd7 11. Bh6 O-O 12. Bxg7 Kxg7 13. Ne3 Qc7 14. f4 e6 15. O-O d5 16. e5 Ne8 17. c3 bxc3 18. bxc3 Rc8 19. Ng4 f5 20. Nf2 Qa5 21. Rab1 Bc6 22. Rb2 Nc7 23. Rfb1 Rb8 24. Rxb8 Rxb8 25. Rxb8 Nxb8 26. Qb2 Qb5 27. Qxb5 axb5 28. d4 Nca6 29. Nd3 Nd7 30. a3 Kf7 31. Kf2 Ke7 32. Ke3 Kd8 33. Nxc5 Ndxc5 34. dxc5 d4+ 35. Nxd4 Bxg2 36. Nxe6+ Ke7 37. Nd4 Nxc5 38. Nxb5 Bxh3 39. Kd4 Ne4 40. a4 Nxg3 41. a5 Kd7 42. a6 Kc6 43. e6 Nh5 44. a7 Kb7 45. e7 Ng7 46. Nd6+ Kxa7 47. e8=Q Nxe8 48. Nxe8 h5 49. Nd6 Bg2 50. Ke3 Kb6 51. Nc4+ Kb5 52. Ne5 h4 53. Nxg6 h3 54. Kf2 Be4 55. Kg3 Kc4 56. Kxh3 Kxc3 57. Kh4 Kc4 58. Kg5 Kd5 59. Kf6 Bb1 60. Ne7+ Kd6 61. Nxf5+ Kd7 62. Ke5 Ke8 63. Nd6+ Ke7 64. Ne4 Kf7 65. f5 Kf8 66. f6 Ba2 67. Ng5 Ke8 68. Ne6 Kf7 69. Ng5+ Kf8 1/2-1/2

[Event "94th FRA-ch Open C 2019"]
[Site "Chartres"]
[Date "2019.08.25"]
[Round "9.2"]
[White "Cresswell, Patrick"]
[Black "Brun, Pierre"]
[Result "1-0"]
[ECO "D02"]
[WhiteElo "1664"]
[BlackElo "1648"]
[Annotator "NA"]
[PlyCount "85"]
[EventDate "2019.08.17"]
[EventType "swiss"]
[EventCountry "FRA"]
[SourceTitle "playchess.com"]
[Source "ChessBase"]
[SourceQuality "1"]
[TimeControl "40/5400+30:1800+30"]

1. d4 Nf6 2. Nf3 c5 3. e3 g6 4. c3 Bg7 5. Be2 d5 6. Nbd2 Nc6 7. O-O O-O 8. dxc5 Nd7 9. Nb3 e6 10. c4 dxc4 11. Bxc4 Na5 12. Nfd2 Nxc4 13. Nxc4 Qe7 14. Qd6 Qh4 15. Qf4 Qh5 16. e4 Ne5 17. Nd6 Nd3 18. Qe3 Nxc1 19. Qxc1 e5 20. Na5 Bh6 21. Qc3 Bf4 22. g3 Bh3 23. gxf4 exf4 24. Kh1 Bxf1 25. Rxf1 Qe2 26. Kg2 Qg4+ 27. Kh1 Qe2 28. Rg1 Qxf2 29. Nf5 f6 30. e5 Qe2 31. Qb3+ Kh8 32. Qxb7 Rg8 33. Nh6 Raf8 34. Nxg8 Rxg8 35. exf6 f3 36. Qe7 Qd2 37. f7 Qxb2 38. fxg8=Q+ Kxg8 39. Qd8+ Kg7 40. Qc7+ Kh6 41. Qf4+ Kg7 42. Qxf3 Qxa2 43. Nb3 1-0

[Event "94th FRA-ch Open C 2019"]
[Site "Chartres"]
[Date "2019.08.25"]
[Round "9.3"]
[White "Sithisak, Remi"]
[Black "Shefay, Paul"]
[Result "1-0"]
[ECO "E18"]
[WhiteElo "1635"]
[BlackElo "1680"]
[Annotator "NA"]
[PlyCount "145"]
[EventDate "2019.08.17"]
[EventType "swiss"]
[EventCountry "FRA"]
[SourceTitle "playchess.com"]
[Source "ChessBase"]
[SourceQuality "1"]
[TimeControl "40/5400+30:1800+30"]

1. d4 d5 2. Nf3 e6 3. c4 Nf6 4. g3 Be7 5. Bg2 b6 6. cxd5 exd5 7. Nc3 Bb7 8. O-O O-O 9. Bf4 Bd6 10. Bxd6 Qxd6 11. Rc1 a6 12. Qc2 Nbd7 13. Rfd1 Rac8 14. Nh4 g6 15. b3 Rfe8 16. Qb2 Ne4 17. Nf3 Qe6 18. Nxe4 dxe4 19. Ng5 Qe7 20. h4 h6 21. Nh3 Nf6 22. Nf4 Nd5 23. Qd2 Rcd8 24. Nxd5 Bxd5 25. Qxh6 c6 26. Qg5 Qe6 27. Kh2 Kg7 28. Bh3 Qd6 29. e3 Rh8 30. Qe5+ Qxe5 31. dxe5 Rhe8 32. Bf1 a5 33. Rd4 Rxe5 34. Rxc6 Bxc6 35. Rxd8 Rc5 36. Rb8 b5 37. Rc8 b4 38. Bc4 a4 39. Rb8 Rf5 40. Kg2 axb3 41. axb3 Bd5 42. Rxb4 Bxc4 43. Rxc4 Re5 44. g4 f5 45. gxf5 gxf5 46. Kg3 Rb5 47. b4 Kg6 48. Rc6+ Kg7 49. Rc5 Rxb4 50. Rxf5 Kg6 51. Rf4 Kg7 52. f3 Rb1 53. Rxe4 Rg1+ 54. Kf2 Rh1 55. Rg4+ Kf6 56. Kg2 Re1 57. e4 Re2+ 58. Kg3 Re1 59. h5 Rh1 60. Rh4 Rb1 61. h6 Rb8 62. h7 Rh8 63. Kf4 Kg7 64. e5 Rf8+ 65. Ke4 Kh8 66. e6 Ra8 67. Ke5 Ra5+ 68. Kf6 Rh5 69. Rg4 Rh3 70. e7 Rxf3+ 71. Ke5 Kxh7 72. e8=Q Rf8 73. Qh5# 1-0

[Event "94th FRA-ch Open C 2019"]
[Site "Chartres"]
[Date "2019.08.25"]
[Round "9.4"]
[White "Brecheteau, Paul"]
[Black "Silvera, Ruben"]
[Result "1/2-1/2"]
[ECO "C54"]
[WhiteElo "1627"]
[BlackElo "1747"]
[Annotator "NA"]
[PlyCount "94"]
[EventDate "2019.08.17"]
[EventType "swiss"]
[EventCountry "FRA"]
[SourceTitle "playchess.com"]
[Source "ChessBase"]
[SourceQuality "1"]
[TimeControl "40/5400+30:1800+30"]

1. e4 e5 2. Nf3 Nc6 3. Bc4 Bc5 4. c3 Nf6 5. d4 exd4 6. e5 d5 7. Bb5 Ne4 8. cxd4 Bb4+ 9. Bd2 Bxd2+ 10. Nbxd2 O-O 11. h3 Ne7 12. O-O Ng6 13. Re1 Nxd2 14. Qxd2 f6 15. Bd3 fxe5 16. Bxg6 hxg6 17. dxe5 Bxh3 18. e6 Qe7 19. Qxd5 Rad8 20. Qg5 Rde8 21. Qxg6 Rf6 22. Qh5 Bxe6 23. Rad1 Qf7 24. Qxf7+ Rxf7 25. Ng5 Rfe7 26. b3 Kf8 27. Nxe6+ Rxe6 28. Rxe6 Rxe6 29. Rd2 Ke7 30. f3 c5 31. Kf2 b5 32. f4 g6 33. Kf3 a6 34. g4 Kf6 35. Rd7 Rc6 36. Rd2 Ke6 37. Ke4 Rd6 38. f5+ gxf5+ 39. gxf5+ Kd7 40. Rxd6+ Kxd6 41. f6 Ke6 42. f7 Kxf7 43. Kd5 c4 44. bxc4 bxc4 45. Kxc4 Ke7 46. Kc5 a5 47. a4 Kd7 1/2-1/2

[Event "94th FRA-ch Open C 2019"]
[Site "Chartres"]
[Date "2019.08.25"]
[Round "9.5"]
[White "Masalles, Gabriel"]
[Black "Chaillou, Vincent"]
[Result "0-1"]
[ECO "B52"]
[WhiteElo "1723"]
[BlackElo "1654"]
[Annotator "NA"]
[PlyCount "84"]
[EventDate "2019.08.17"]
[EventType "swiss"]
[EventCountry "FRA"]
[SourceTitle "playchess.com"]
[Source "ChessBase"]
[SourceQuality "1"]
[TimeControl "40/5400+30:1800+30"]

1. e4 c5 2. Nf3 d6 3. Bb5+ Bd7 4. Bxd7+ Qxd7 5. O-O Nf6 6. Qe2 Nc6 7. Rd1 g6 8. c3 Qg4 9. Re1 Bg7 10. d4 cxd4 11. cxd4 O-O 12. Nc3 Rfe8 13. h3 Qh5 14. Be3 a6 15. Qf1 Rac8 16. d5 Ne5 17. Nxe5 Qxe5 18. f4 Qh5 19. Bd4 Nd7 20. Bxg7 Kxg7 21. Rac1 Rc7 22. Qd3 Rec8 23. Qd4+ Kg8 24. b3 Qh4 25. Qe3 b5 26. e5 dxe5 27. fxe5 Qb4 28. e6 Nf6 29. exf7+ Kxf7 30. Qe6+ Kg7 31. Ne2 Rxc1 32. Rxc1 Rxc1+ 33. Nxc1 Qc5+ 34. Kh2 Qd6+ 35. g3 Nxd5 36. Qe2 e5 37. Nd3 Nc3 38. Qc2 Qd4 39. Ne1 Qe3 40. Nd3 Ne2 41. Kg2 Qg1+ 42. Kf3 Nd4+ 0-1

[Event "94th FRA-ch Open C 2019"]
[Site "Chartres"]
[Date "2019.08.25"]
[Round "9.6"]
[White "Arendo, Marc"]
[Black "Massiani, Xavier"]
[Result "0-1"]
[ECO "B15"]
[WhiteElo "1694"]
[BlackElo "1720"]
[Annotator "NA"]
[PlyCount "108"]
[EventDate "2019.08.17"]
[EventType "swiss"]
[EventCountry "FRA"]
[SourceTitle "playchess.com"]
[Source "ChessBase"]
[SourceQuality "1"]
[TimeControl "40/5400+30:1800+30"]

1. e4 c6 2. d4 d5 3. Nc3 dxe4 4. Nxe4 Nf6 5. Ng3 h5 6. h4 Bg4 7. Be2 Qc7 8. c3 e6 9. Bg5 Nbd7 10. Bxg4 hxg4 11. N1e2 Bd6 12. Qd2 O-O-O 13. O-O-O Qa5 14. Kb1 e5 15. Nf5 Bc7 16. Qc2 g6 17. Ne7+ Kb8 18. Qb3 Qa6 19. Ng3 exd4 20. Rxd4 c5 21. Bxf6 Nxf6 22. Rxd8+ Rxd8 23. c4 Qe6 24. Nd5 Nxd5 25. cxd5 Qxd5 26. Qxd5 Rxd5 27. Ne4 f5 28. Nc3 Rd2 29. Re1 a6 30. Rf1 Be5 31. Nd1 Bd4 32. g3 Re2 33. a3 Kc7 34. f3 gxf3 35. Rxf3 Kc6 36. h5 gxh5 37. Rxf5 Re5 38. Rf6+ Kd5 39. Rb6 Rg5 40. Rxb7 Rxg3 41. Ra7 Rg6 42. Rh7 Rg5 43. Ra7 h4 44. Rxa6 Rh5 45. Nc3+ Bxc3 46. b4 h3 47. bxc5 h2 48. Rd6+ Kxc5 49. Rd1 h1=Q 50. Rxh1 Rxh1+ 51. Kc2 Kc4 52. a4 Rh2+ 53. Kc1 Kb3 54. Kd1 Ba5 0-1